 Dungeon Crawl Stone Soup version 0.26.1-11-gd32895ea62 (webtiles) character file.

Game seed: 15990949442189371448

1036 Acheron the Sneak (level 8, 0/66 HPs)
             Began as a Red Draconian Brigand on May 16, 2021.
             Slain by a killer bee (4 damage)
             ... on level 7 of the Dungeon.
             The game lasted 00:24:08 (5144 turns).

Acheron the Sneak (Red Draconian Brigand)           Turns: 5144, Time: 00:24:09

Health: 0/66       AC:  7    Str: 15    XL:     8   Next: 4%
Magic:  8/8        EV: 13    Int: 11    God:
Gold:   159        SH:  0    Dex: 14    Spells: 7/7 levels left

rFire    + . .     SeeInvis +   h - +2 dagger (venom)
rCold    . . .     Faith    .   (no shield)
rNeg     . . .     Spirit   .   (armour unavailable)
rPois    +         Reflect  .   (helmet restricted)
rElec    .         Harm     .   b - +0 cloak
rCorr    .         Rampage  .   (no gloves)
Will     +....                  (no boots)
Stlth    +++.......             (no amulet)
HPRegen  0.21/turn              m - ring of see invisible
MPRegen  0.11/turn              p - ring of Camot {+Blink rPois Will+}

@: no status effects
A: breathe fire, unfitting armour, fire resistance 1, cold-blooded, AC +6
a: Breathe Fire, Evoke Blink


You were on level 7 of the Dungeon.
You visited 1 branch of the dungeon, and saw 7 of its levels.

You collected 159 gold pieces.

Inventory:

Hand Weapons
 a - a +2 dagger
 d - a +0 dagger of venom
 h - a +2 dagger of venom (weapon)
 t - a +4 quarterstaff of chaos
Missiles
 c - 38 poisoned darts (quivered)
 e - 110 sling bullets
 l - 58 stones
Armour
 b - a +0 cloak (worn)
 o - a +0 kite shield
Jewellery
 f - an uncursed amulet of faith
 m - a ring of see invisible (left hand)
 p - the ring of Camot (right hand) {+Blink rPois Will+}
   (You found it on level 4 of the Dungeon)

   [ring of poison resistance]

   It protects you from poison.
   It affects your willpower, your defense against some magical effects.
   It lets you blink.
Wands
 u - a wand of random effects (20)
 y - a wand of digging (2)
Scrolls
 j - 3 scrolls of remove curse
 n - a scroll of blinking {unknown}
 q - a scroll of enchant weapon {unknown}
 r - 2 scrolls of magic mapping {unknown}
 x - a scroll of identify
 z - a scroll of fog {unknown}
Potions
 g - a potion of mutation {unknown}
 i - a potion of lignification
 k - 3 potions of heal wounds {unknown}
 s - a potion of haste
 v - a potion of brilliance {unknown}
 w - a potion of might {unknown}


   Skills:
 * Level 4.2 Fighting
 * Level 5.3 Short Blades
 * Level 2.3 Throwing
 * Level 3.3 Dodging
 * Level 6.1 Stealth
 * Level 2.2 Shields
 * Level 1.2 Evocations


You had 7 spell levels left.
You didn't know any spells.
Your spell library contained the following spells:

 Spells                   Type           Power        Failure   Level
 Animate Skeleton         Necr           0%           34%         1
 Pain                     Necr           0%           34%         1
 Vampiric Draining        Necr           0%           71%         3
 Animate Dead             Necr           0%           98%         4
 Agony                    Necr           0%           100%        5


Dungeon Overview and Level Annotations

Branches:
Dungeon (7/15)
 Temple: D:4-7

Altars:

Shops:
D:4 (

Annotations:
D:1 exclusion: downstairs
D:2 exclusion: downstairs
D:3 Sigmund
D:5 exclusion: downstairs
D:6 Maggie


Innate Abilities, Weirdness & Mutations

You can breathe blasts of fire.
Your fiery red scales are hard. (AC +6)
You cannot fit into any form of body armour.
Your flesh is heat resistant. (rF+)
You are cold-blooded and may be slowed by cold attacks.


Message History

You closely miss the phantom.
The phantom is almost destroyed.
The phantom blinks! 2 killer bees come into view.
You see here 2 poisoned darts.
c - 38 poisoned darts (gained 2)
The killer bee buzzes angrily.
You hear an angry buzzing noise.
You hear a shout!
You hear an angry buzzing noise.
A killer bee comes into view.
You hear an angry buzzing noise.
The phantom blinks!
The killer bee stings you!
* * * LOW HITPOINT WARNING * * *
The killer bee stings you.
* * * LOW HITPOINT WARNING * * *
The killer bee barely misses you. The killer bee stings you.
* * * LOW HITPOINT WARNING * * *
There is a stone staircase leading up here.
The killer bee stings you.
You die...

###########
#.........#
#.........# .
#.........# #.
#.........# #...
##.........#
......###....#.#####
..........#.y..#
#....(###...y@##
#.....(....####
......##..## ####.
#..## # ...## Z....
.....# .##.# .∩


You could see 2 killer bees.

Vanquished Creatures
  A phantom (D:5)
  A sky beast (D:6)
  An ice beast (D:6)
  A centaur (D:5)
  An ogre (D:5)
  A bullfrog (D:4)
  3 hounds
  An orc priest (D:4)
  An iguana (D:6)
  3 orc wizards
  Natasha (twice) (D:3)
  A bullfrog skeleton (D:5)
  Crazy Yiuf (D:5)
  Ijyb (D:5)
  2 worker ants
  A hound skeleton (D:6)
  An adder (D:5)
  A shadow imp (D:6)
  3 oozes
  An adder skeleton (D:6)
  3 worms
  A dart slug (D:4)
  4 leopard geckos
  6 orcs
  9 bats
  9 giant cockroaches
  6 goblins
  4 hobgoblins
  7 jackals
  2 quokkas
  A ball python (D:1)
  4 frilled lizards
  5 kobolds
  2 leopard gecko skeletons (D:5)
  9 rats
100 creatures vanquished.

Vanquished Creatures (others)
  An orc warrior (D:7)
  An ogre (D:7)
  A worker ant (D:7)
  An orc wizard (D:7)
  A hobgoblin (D:3)
5 creatures vanquished.

Grand Total: 105 creatures vanquished

Notes
Turn   | Place    | Note
-------+----------+-------------------------------------------
     0 | D:1      | Acheron the Draconian Brigand began the quest for the Orb.
     0 | D:1      | Reached XP level 1. HP: 17/17 MP: 1/1
   199 | D:1      | Reached XP level 2. HP: 19/25 MP: 2/2
   208 | D:1      | Reached skill level 4 in Stealth
   274 | D:1      | Reached skill level 1 in Dodging
   378 | D:1      | Reached XP level 3. HP: 30/30 MP: 3/3
  1155 | D:3      | Reached XP level 4. HP: 13/37 MP: 4/4
  1217 | D:3      | Noticed Sigmund
  1917 | D:3      | Noticed Natasha
  1919 | D:3      | Killed Natasha
  1920 | D:3      | Reached XP level 5. HP: 42/45 MP: 5/5
  2143 | D:3      | Noticed Natasha
  2151 | D:3      | Killed Natasha
  2152 | D:3      | Reached skill level 5 in Stealth
  2372 | D:4      | Found Tilaapuc's Weapon Shoppe.
  2374 | D:4      | Got a pitted marble ring
  2440 | D:5      | Entered Level 5 of the Dungeon
  2440 | D:5      | Noticed Ijyb
  2532 | D:5      | Noticed a centaur
  2545 | D:5      | Killed a centaur
  2546 | D:5      | Reached XP level 6. HP: 22/51 MP: 6/6
  2739 | D:5      | Reached skill level 1 in Shields
  2888 | D:5      | Found a runed translucent door.
  2889 | D:5      | Noticed Crazy Yiuf
  2900 | D:5      | Killed Crazy Yiuf
  3320 | D:5      | Killed Ijyb
  3513 | D:5      | Your scales start taking on a fiery red colour.
  3513 | D:5      | Reached XP level 7. HP: 57/58 MP: 7/7
  3513 | D:5      | Gained mutation: Your flesh is heat resistant. (rF+) [Red
                  | Draconian growth]
  4380 | D:6      | Noticed Maggie
  4383 | D:5      | Identified the ring of Camot {+Blink rPois Will+} (You
                  | found it on level 4 of the Dungeon)
  4895 | D:6      | Reached skill level 6 in Stealth
  4940 | D:6      | Reached skill level 5 in Short Blades
  4940 | D:6      | Reached skill level 1 in Evocations
  4959 | D:6      | Reached XP level 8. HP: 41/66 MP: 8/8
  5143 | D:7      | HP: 3/66 [killer bee (2)]
  5144 | D:7      | Slain by a killer bee

Illustrated notes

Levels and vault maps discovered:
D:1:      scummos_arrival_simple_fountains, layout_basic
D:2:      layout_basic, lemuel_round_altar, nicolae_ru_awakened_eye
D:3:      layout_loops_ring, gup_sewer_entry_bowl, uniq_natasha, uniq_sigmund
D:4:      layout_rooms, serial_shops, nicolae_shop_waterfront
D:5:      layout_basic, uniq_ijyb, uniq_crazy_yiuf_cottage
D:6:      layout_basic, uniq_maggie
D:7:      layout_rooms, minmay_temple_entry_glassed_door, serial_shops,
          nicolae_shop_competitors_out_of_business, xom_confusion_cloud,
          uniq_duvessa, uniq_joseph

Skill      XL: |  1  2  3  4  5  6  7 |
---------------+----------------------+-----
Stealth        | 4 5 6 |  6.1
Dodging        | 1 2 3 |  3.3
Fighting       | 3 4 |  4.2
Short Blades   | 3 4 5 |  5.3
Shields        | 1 2 |  2.2
Throwing       | 2 |  2.3
Evocations     | 1 |  1.2

Action                   |  1- 3 |  4- 6 |  7- 9 || total
-------------------------+-------+-------+-------++-------
Melee: Dagger            |   104 |   161 |   144 ||   409
       Tailslap          |    11 |    21 |    22 ||    54
Throw: Dart              |       |     2 |    11 ||    13
  Use: Scroll            |     6 |     2 |     1 ||     9
       Potion            |       |     2 |       ||     2
 Stab: Sleeping          |     6 |    12 |     6 ||    24
Armor: Skin              |    30 |    45 |    23 ||    98
Dodge: Dodged            |    67 |    81 |    51 ||   199
